 Dungeon Crawl Stone Soup version 0.21.1-1-g345015f (webtiles) character file.

82814 kae the Bludgeoner (level 15, 0/137 HPs)
             Began as a Minotaur Fighter on June 18, 2018.
             Was the Champion of Makhleb.
             Slain by a sun demon (15 damage)
             ... summoned by an orc high priest
             ... on level 1 of the Orcish Mines.
             The game lasted 00:30:39 (28424 turns).

kae the Bludgeoner (Minotaur Fighter)              Turns: 28424, Time: 00:30:40

Health: 0/137      AC:  0    Str: 36    XL:     15   Next: 30%
Magic:  21/21      EV: 10    Int:  7    God:    Makhleb [******]
Gold:   2300       SH: 10    Dex:  5    Spells: 14/14 levels left

rFire    . . .     SeeInvis +   b - +3 whip (freeze)
rCold    . . .     Gourm    .   c - +0 shield
rNeg     . . .     Faith    .   K - +5 chain mail "Toloiv" {rElec Str+7 Dex-4 Stlth-}
rPois    .         Spirit   .   N - +1 hat
rElec    +         Reflect  .   P - scarf {cloud immunity}
rCorr    .         Harm     .   e - +0 pair of gloves
MR       +....                  p - +2 pair of boots
Stlth    ..........             (no amulet)
HPRegen  0.32/turn              H - ring of see invisible
MPRegen  0.17/turn              I - +3 ring of strength

@: corroded, drained
A: retaliatory headbutt, horns 2
a: Minor Destruction, Lesser Servant of Makhleb, Major Destruction, Greater
Servant of Makhleb, Renounce Religion


You were on level 1 of the Orcish Mines.
You worshipped Makhleb.
Makhleb was exalted by your worship.
You were hungry.

You visited 5 branches of the dungeon, and saw 25 of its levels.
You also visited: Labyrinth.

You collected 2300 gold pieces.

Inventory:

Hand Weapons
 a - a +2 flail of holy wrath
 b - a +3 whip of freezing (weapon)
 z - a +0 flail
 V - a +4 broad axe of freezing
Armour
 c - a +0 shield (worn)
 e - a +0 pair of gloves (worn)
 p - a +2 pair of boots (worn)
 K - the +5 chain mail "Toloiv" (worn) {rElec Str+7 Dex-4 Stlth-}
   (You found it on level 2 of the Lair of Beasts)

   It affects your strength (+7).
   It affects your dexterity (-4).
   It insulates you from electricity.
   It makes you less stealthy.
 N - a +1 hat (worn)
 P - a scarf of cloud immunity (worn)
Jewellery
 r - an uncursed ring of protection from cold
 v - a +2 ring of protection
 D - an uncursed ring of protection from cold
 G - an uncursed ring of flight
 H - a ring of see invisible (left hand)
 I - a +3 ring of strength (right hand)
 W - a cursed ring of teleportation
Wands
 j - a wand of random effects (47)
 n - a wand of disintegration (60)
 o - a wand of enslavement (33)
 w - a wand of acid (12)
 y - a wand of scattershot (9)
 B - a wand of polymorph (53)
 F - a wand of iceblast (6)
 T - a wand of flame (58)
Scrolls
 d - 6 scrolls of identify
 g - a scroll of enchant armour
 i - 11 scrolls of remove curse
 k - 2 scrolls of noise
 u - 2 scrolls of blinking
 A - 3 scrolls of magic mapping
 C - 3 scrolls of fog
 Y - a scroll of amnesia
Potions
 h - a potion of cancellation
 l - 2 potions of resistance
 m - 2 potions of haste
 q - 5 potions of curing
 s - a potion of mutation
 E - a potion of brilliance
 J - 2 potions of heal wounds
 M - 2 potions of ambrosia
 O - a potion of agility
 U - 5 potions of flight
Books
 L - a book of Minor Magic

   Spells                             Type                      Level
   a - Magic Dart                     Conjuration                  1
   b - Blink                          Translocation                2
   c - Call Imp                       Summoning                    2
   d - Slow                           Hexes                        2
   e - Conjure Flame                  Conjuration/Fire             3
   f - Mephitic Cloud                 Conjuration/Poison/Air       3
 S - a book of Dreams

   Spells                             Type                      Level
   a - Ensorcelled Hibernation        Hexes/Ice                    2
   b - Borgnjor's Vile Clutch         Necromancy/Earth             5
   c - Silence                        Hexes/Air                    5
   d - Darkness                       Hexes                        6
   e - Shadow Creatures               Summoning                    6
Comestibles
 f - 41 rations


   Skills:
 + Level 13.7(13.3) Fighting
 * Level 18.2(17.8) Maces & Flails
 + Level 13.7(13.3) Armour
 + Level 12.5(12.1) Dodging
 - Level 3.6(3.3) Shields
 + Level 10.5(10.2) Invocations


You had 14 spell levels left.
You didn't know any spells.

Dungeon Overview and Level Annotations

Branches:
Dungeon (15/15)            Temple (1/1) D:4            Lair (6/6) D:10
 Shoals (1/4) Lair:4       Spider (0/4) Lair:2        Slime (0/5) Lair:5
    Orc (2/2) D:11            Elf (0/3) Orc:2        Vaults (0/5) D:13
 Depths (0/5) D:15

Altars:
Ashenzari
Cheibriados
Dithmenos
Elyvilon
Fedhas
Gozag
Hepliaklqana
Kikubaaqudgha
Makhleb
Nemelex Xobeh
Okawaru
Qazlal
Ru
Sif Muna
Trog
Uskayaw
Vehumet
Wu Jian
Xom
Yredelemnul
Zin
The Shining One
Jiyva

Shops:
Orc:2 (

Annotations:
D:15 exclusion: fire giant
Lair:5 1 runed door
Shoals:1 Aizul


Innate Abilities, Weirdness & Mutations

You reflexively headbutt those who attack you in melee.
You have a pair of horns on your head.


Message History

The orc high priest hits you but does no damage.
You hit the orc high priest. You freeze the orc high priest.
You headbutt the orc high priest.
The orc high priest is heavily wounded.
You hit the orc high priest. You freeze the orc high priest.
You headbutt the orc high priest, but do no damage.
The orc high priest is heavily wounded.
The orc high priest mumbles some strange prayers to Beogh.
You hit the orc high priest but do no damage.
The orc high priest is heavily wounded.
You hit the orc high priest but do no damage.
The orc high priest is heavily wounded.
The orc high priest hits you with a flail.
* * * LOW HITPOINT WARNING * * *
You hit the orc high priest but do no damage.
The orc high priest is heavily wounded.
The sun demon hits you!
* * * LOW HITPOINT WARNING * * *
You are engulfed in flames!
You die...

####### ##### ##########
##.#.#.####...######..#.#...###
##.......##.....#..............##
#.#.......#....o................#
...........#...3@..............##
....#..........................#
...........................#..##
...............................#
...#..........................##
.........#.....................#
........................[..##.###
.............)..............#####
.........#..#........#.......###.


You could see an orc high priest and a sun demon.

Vanquished Creatures
  Rupert (Lair:5)
  The ghost of w0lly the Basher, a journeyman DsBe of Trog (Orc:2)
  Azrael (D:14)
  A minotaur (Lab)
  Erolcha (D:9)
  Josephine (Lair:5)
  A fire dragon (D:15)
  An ice dragon (D:15)
  A vault guard (D:11)
  3 centaur warriors
  A catoblepas (D:14)
  An ogre mage (D:13)
  10 two-headed ogres
  A death yak (Lair:5)
  2 unseen horrors
  2 orc sorcerers
  A deep elf mage (D:15)
  2 orc knights
  3 ugly things
  4 cyclopes
  3 manticores
  A salamander (shapeshifter) (D:14)
  10 elephants
  Psyche (D:8)
  4 black mambas
  A gargoyle (D:12)
  A torpor snail (Lair:5)
  8 spiny frogs
  4 yaktaurs
  A kobold demonologist (D:11)
  4 komodo dragons
  A rime drake (Lair:2)
  2 polar bears (Lair:6)
  4 trolls
  18 blink frogs
  3 meliai (D:14)
  3 slime creatures (D:12)
  6 hornets (Lair:6)
  9 dream sheep
  8 hippogriffs
  Sigmund (D:2)
  14 spriggans (Lair:6)
  3 wraiths
  A centaur simulacrum (D:14)
  5 wyverns
  A steam dragon (D:12)
  69 yaks
  3 basilisks
  4 hungry ghosts
  8 vampire mosquitoes
  A warg (Orc:1)
  9 hell hounds
  12 water moccasins
  An acid dragon (D:14)
  Duvessa (D:5)
  6 porcupines
  4 ice beasts
  3 sky beasts
  6 black bears
  A hornet zombie (D:12)
  22 orc warriors
  2 phantoms
  16 ogres
  4 boggarts (Lair:6)
  14 centaurs
  2 necrophages (D:7)
  21 wolves
  13 crocodiles
  6 big kobolds
  20 bullfrogs
  3 wyvern skeletons
  Dowan (D:5)
  7 scorpions
  12 killer bees
  12 wights
  3 howler monkeys (D:9)
  2 electric eels
  5 crimson imps
  3 bullfrog zombies
  3 centaur zombies
  3 jellies
  9 bullfrog skeletons
  7 hounds
  22 orc priests
  24 orc wizards
  Terence (D:2)
  6 iguanas
  8 worker ants
  A hound skeleton (D:10)
  3 hound zombies
  2 mummies (D:7)
  A howler monkey skeleton (D:9)
  A worker ant zombie (D:11)
  3 gnolls (D:3)
  10 adders
  5 worms
  3 dart slugs
  5 leopard geckos
  87 orcs
  2 ball pythons (D:2)
  9 giant cockroaches
  9 hobgoblins
  21 jackals
  3 quokkas
  16 bats
  5 frilled lizards
  13 goblins
  36 kobolds
  2 quokka skeletons
  A quokka zombie (D:5)
  3 rats
776 creatures vanquished.

Vanquished Creatures (collateral kills)
  Harold (Lair:1)
  A hydra (Lair:2)
  A spiny frog (Lair:2)
  2 blink frogs (Lair:2)
  A spriggan (Lair:6)
  A yak (Lair:6)
  An orc warrior (Orc:1)
  A black bear (Lair:6)
  A wolf (Lair:4)
  A crocodile (Lair:1)
  A bullfrog (Lair:2)
12 creatures vanquished.

Vanquished Creatures (others)
  A rakshasa (D:10)
  A bullfrog (D:9)
  3 fungi
  3 plants
8 creatures vanquished.

Grand Total: 796 creatures vanquished

Notes
Turn   | Place    | Note
-------+----------+-------------------------------------------
     0 | D:1      | kae the Minotaur Fighter began the quest for the Orb.
     0 | D:1      | Reached XP level 1. HP: 19/19 MP: 0/0
   117 | D:1      | Reached XP level 2. HP: 27/27 MP: 1/1
   181 | D:1      | Reached skill level 3 in Maces & Flails
   245 | D:1      | Reached skill level 1 in Dodging
   319 | D:1      | Reached XP level 3. HP: 33/33 MP: 2/2
   663 | D:2      | Found an ornate altar of the Wu Jian Council.
   816 | D:2      | Reached XP level 4. HP: 40/40 MP: 3/3
   817 | D:2      | Noticed Terence
   831 | D:2      | Killed Terence
   831 | D:2      | Reached skill level 4 in Maces & Flails
   947 | D:2      | Noticed Sigmund
   995 | D:2      | Killed Sigmund
   995 | D:2      | Reached skill level 5 in Maces & Flails
   995 | D:2      | Reached XP level 5. HP: 45/47 MP: 4/4
   995 | D:2      | Reached XP level 6. HP: 52/55 MP: 5/5
  1634 | D:3      | Found a glowing silver altar of Zin.
  1818 | D:3      | Reached skill level 5 in Armour
  1910 | D:3      | Reached skill level 5 in Fighting
  2319 | D:4      | Found a staircase to the Ecumenical Temple.
  2357 | Temple   | Entered the Ecumenical Temple
  2617 | D:4      | Found a hide-covered altar of Uskayaw.
  2624 | D:4      | Found a glowing golden altar of the Shining One.
  2749 | D:4      | Reached skill level 6 in Maces & Flails
  2749 | D:4      | Reached XP level 7. HP: 36/61 MP: 6/6
  3275 | D:5      | Entered Level 5 of the Dungeon
  3319 | D:5      | Noticed Dowan
  3320 | D:5      | Noticed Duvessa
  3340 | D:5      | Killed Duvessa
  3343 | D:5      | Killed Dowan
  3519 | D:5      | Found a hazy altar of Hepliaklqana.
  3522 | D:5      | Reached skill level 7 in Maces & Flails
  3775 | D:5      | Found an ancient bone altar of Kikubaaqudgha.
  3891 | D:5      | Reached XP level 8. HP: 56/70 MP: 7/7
  4302 | D:6      | Reached skill level 8 in Maces & Flails
  4691 | D:6      | Reached skill level 5 in Dodging
  4938 | D:6      | Found a burning altar of Makhleb.
  4942 | D:6      | Found a basalt altar of Yredelemnul.
  4950 | D:6      | Became a worshipper of Makhleb the Destroyer
  5237 | D:7      | Reached skill level 9 in Maces & Flails
  5237 | D:7      | Reached skill level 1 in Invocations
  5276 | D:7      | Reached XP level 9. HP: 75/79 MP: 8/8
  5501 | D:7      | Reached * piety under Makhleb
  5810 | D:7      | Found a shimmering altar of Xom.
  6204 | D:8      | Noticed a two-headed ogre
  6216 | D:8      | Killed a two-headed ogre
  6216 | D:8      | Reached skill level 10 in Maces & Flails
  6407 | D:8      | Noticed Psyche
  6417 | D:8      | Killed Psyche
  6685 | D:8      | Reached XP level 10. HP: 77/88 MP: 11/11
  6798 | D:8      | Noticed a two-headed ogre
  6810 | D:8      | Killed a two-headed ogre
  6810 | D:8      | Reached skill level 11 in Maces & Flails
  7451 | D:8      | Reached ** piety under Makhleb
  7798 | D:9      | Found a stormy altar of Qazlal.
  8152 | D:9      | Reached *** piety under Makhleb
  8216 | D:9      | Noticed a two-headed ogre
  8225 | D:9      | Killed a two-headed ogre
  8225 | D:9      | Reached skill level 12 in Maces & Flails
  8225 | D:9      | Reached skill level 5 in Invocations
  8284 | D:9      | Noticed Erolcha
  8304 | D:9      | Killed an unseen horror
  8304 | D:9      | Reached XP level 11. HP: 65/97 MP: 13/13
  8322 | D:9      | Killed Erolcha
  8427 | D:9      | Found an iron altar of Okawaru.
  8473 | D:10     | Entered Level 10 of the Dungeon
  8620 | D:10     | Noticed a rakshasa
  8686 | D:10     | HP: 4/99 [rakshasa/trident (11)]
  8688 | D:10     | Killed a rakshasa
  9086 | D:10     | Reached skill level 10 in Armour
  9239 | D:10     | Reached skill level 13 in Maces & Flails
  9360 | D:10     | Reached skill level 10 in Fighting
  9508 | D:10     | Found a staircase to the Lair.
  9714 | D:10     | Reached **** piety under Makhleb
  9820 | D:10     | Noticed a two-headed ogre
  9837 | D:10     | Killed a two-headed ogre
 10090 | Lair:1   | Entered Level 1 of the Lair of Beasts
 10095 | Lair:1   | Found a burning altar of Makhleb.
 10735 | Lair:1   | Reached XP level 12. HP: 93/107 MP: 15/15
 10846 | Lair:1   | Noticed Harold
 10861 | Lair:1   | Killed Harold
 11600 | Lair:2   | Reached skill level 14 in Maces & Flails
 12282 | Lair:2   | Noticed a six-headed hydra
 12290 | Lair:2   | Killed a six-headed hydra
 12929 | Lair:2   | Found a hole to the Spider Nest.
 12937 | Lair:2   | Got a heavily runed chain mail
 12938 | Lair:2   | Identified the +5 chain mail "Toloiv" {rElec Str+7 Dex-4 Stlth-} (You found it on level 2 of the Lair of Beasts)
 12946 | Lair:2   | Reached skill level 10 in Dodging
 13305 | Lair:3   | Reached skill level 15 in Maces & Flails
 14183 | Lair:4   | Reached XP level 13. HP: 114/116 MP: 17/17
 14466 | Lair:4   | Found a staircase to the Shoals.
 14483 | Lair:4   | Reached ***** piety under Makhleb
 15240 | Lair:5   | Found a runed door.
 15240 | Lair:5   | Found a viscous altar of Jiyva.
 15240 | Lair:5   | Found a staircase to the Slime Pits.
 15291 | Lair:5   | Noticed Josephine
 15677 | Lair:5   | Killed Josephine
 15708 | Lair:5   | Noticed Rupert
 16161 | Shoals:1 | Entered Level 1 of the Shoals
 16161 | Shoals:1 | Noticed Aizul
 16329 | Lair:5   | Killed Rupert
 16329 | Lair:5   | Reached skill level 16 in Maces & Flails
 16597 | Lair:6   | Entered Level 6 of the Lair of Beasts
 17242 | Lair:6   | Paralysed by a hornet for 1 turns
 17312 | Lair:6   | Reached XP level 14. HP: 127/127 MP: 19/19
 18368 | D:11     | Reached ****** piety under Makhleb
 18533 | D:11     | Found a labyrinth entrance.
 18556 | D:11     | Identified a scroll of acquirement
 18559 | Lab      | Entered a labyrinth
 19178 | D:11     | Found a portal to a secret trove of treasure.
 19297 | D:11     | Reached skill level 17 in Maces & Flails
 19333 | D:11     | Found a white marble altar of Elyvilon.
 19501 | D:11     | Found a staircase to the Orcish Mines.
 19987 | Orc:1    | Entered Level 1 of the Orcish Mines
 19989 | Orc:1    | Paralysed by an orc sorcerer for 2 turns
 20110 | Orc:1    | Found a bloodstained altar of Trog.
 20297 | Orc:2    | Entered Level 2 of the Orcish Mines
 20898 | Orc:2    | Found a staircase to the Elven Halls.
 20976 | Orc:2    | Noticed w0lly's ghost (journeyman DsBe)
 21850 | D:12     | Identified Jueh Feq's Grimoire of Flight and Curses
 22286 | D:12     | You fall through a shaft for 3 floors!
 22286 | D:15     | Entered Level 15 of the Dungeon
 22305 | D:14     | Noticed Azrael
 22873 | D:15     | Reached skill level 10 in Invocations
 23137 | D:15     | Found a staircase to the Depths.
 23138 | D:15     | Noticed a fire giant
 23790 | D:14     | Killed Azrael
 23926 | D:14     | Found a sacrificial altar of Ru.
 24022 | D:14     | Reached XP level 15. HP: 136/136 MP: 21/21
 24678 | D:13     | Reached skill level 18 in Maces & Flails
 24686 | D:13     | Found a gate to the Vaults.
 27654 | Orc:2    | Killed w0lly's ghost
 27725 | Orc:2    | Found Bommorog's Weapon Boutique.
 27787 | Orc:2    | Paralysed by an orc sorcerer for 6 turns
 28424 | Orc:1    | Slain by a sun demon

Skill      XL: |  1  2  3  4  5  6  7  8  9 10 11 12 13 14 15 |
---------------+----------------------------------------------+-----
Maces & Flails | 3 5 6 7 9 10 12 13 15 16 17 18 | 18.2
Dodging        | 1 2 3 4 5 6 7 9 10 11 12 | 12.5
Armour         | 4 5 6 7 8 9 10 11 12 13 | 13.7
Fighting       | 4 5 6 7 8 9 10 11 12 13 | 13.7
Invocations    | 1 3 5 6 7 9 10 | 10.5
Shields        | |  3.6

Action                   |  1- 3 |  4- 6 |  7- 9 | 10-12 | 13-15 || total
-------------------------+-------+-------+-------+-------+-------++-------
Melee: Flail             |   125 |   118 |   141 |       |    17 ||   401
       Headbutt          |    14 |    28 |    76 |   247 |   450 ||   815
       Whip              |       |       |   242 |  1180 |  1892 ||  3314
Invok: Lesser Servant of |       |       |       |     6 |    12 ||    18
       Minor Destruction |       |       |       |       |     2 ||     2
Evoke: Wand              |       |       |       |       |     2 ||     2
  Use: Potion            |       |     5 |     1 |     8 |     6 ||    20
       Scroll            |       |     5 |     6 |    13 |    14 ||    38
 Stab: Petrified         |       |       |       |       |     2 ||     2
  Eat: Chunk             |       |     5 |    14 |    21 |    35 ||    75
       Ration            |       |       |       |     2 |     4 ||     6
Armor: Scale mail        |    91 |    43 |    89 |   260 |    62 ||   545
       Skin              |       |     3 |       |       |       ||     3
       Chain mail        |       |       |       |       |   724 ||   724
Dodge: Dodged            |    59 |    36 |    91 |   271 |   513 ||   970
Block: Shield            |    95 |    60 |   134 |   302 |   700 ||  1291
